AoeStats
← RIO NILO ^

Arabia

510423783Analyzed
1v1 RM · 2d ago on Sep 30, 2026· 60m 41s· 2 players
Game mode
Random Map
Map size
Tiny (2 player)
Population
200
Speed
Normal
Resources
Standard
Victory
Conquest
Starting age
Dark Age
Ending age
Imperial Age
RankedLock teamsTeams togetherTeam positionsShared explorationLock speedFull tech treeHidden civsTurbo modeCheats
Victory
Defeat
🇨🇴 Khitans · Colombia
1336
+16
🇦🇷 Varangians · Argentina
1340
-16
LRNI_Ghost-Jhon
7:27 Loom
9:37 Feudal Age
11:51 Double-Bit Axe
16:24 Fletching
21:54 Castle Age
19:37 Domestication
20:33 Gold Mining
21:37 Forging
21:32 Scale Barding Armor
22:37 Husbandry
23:24 Wheelbarrow
24:26 Iron Casting
24:11 Chain Barding Armor
24:57 Light Cavalry
29:39 Scale Mail Armor
37:02 Chain Mail Armor
42:12 Imperial Age
40:20 Lamellar Armor
40:32 Squires
43:23 Conscription
44:02 Plate Mail Armor
47:33 Hand Cart
48:56 Stone Mining
49:14 Pikeman
50:06 Hussar
54:22 Bodkin Arrow
58:50 Plate Barding Armor
59:33 Ordo Cavalry
RIO NILO ^
7:07 Loom
9:24 Feudal Age
9:28 Man-at-Arms
13:43 Wheelbarrow
15:20 Double-Bit Axe
16:18 Bloodlines
19:20 Scale Barding Armor
24:06 Castle Age
23:03 Gold Mining
23:35 Forging
25:13 Chain Barding Armor
25:29 Iron Casting
31:29 Husbandry
33:36 Bow Saw
37:19 Hand Cart
41:19 Imperial Age
42:39 Plate Barding Armor
41:25 Cavalier
43:42 Blast Furnace
42:52 Stone Mining
44:07 Gothikon
44:13 Vendel Legacy
52:58 Light Cavalry
56:56 Hussar
Connection lost

Rejoining the realm…

Still unreachable

The connection could not be restored.

Session expired

The server has moved on; the page needs a fresh start.